 Dungeon Crawl Stone Soup version 0.30-a0-165-g1891117ce2 (webtiles) character file.

Game seed: 5460636944257664661

886 Pooter the Chopper (level 7, -6/61 HPs)
             Began as a Minotaur Monk on Sept 29, 2022.
             Mangled by a gnoll
             ... wielding a +0 flail
             ... led by a gnoll sergeant
              (9 damage)
             ... on level 6 of the Dungeon.
             The game lasted 00:22:30 (6139 turns).

Pooter the Chopper (Minotaur Monk)                  Turns: 6139, Time: 00:22:31

Health: -6/61      AC: 11    Str: 18    XL:     7   Next: 76%
Magic:  6/6        EV:  6    Int:  7    God:
Gold:   311        SH:  0    Dex: 12    Spells: 6/6 levels left

rFire   + . .      SeeInvis .    a - +0 halberd
rCold   + . .      Faith    .    (shield currently unavailable)
rNeg    . . .      Spirit   .    j - +0 plate armour
rPois   .          Reflect  .    (helmet restricted)
rElec   .          Harm     .    o - scarf {rC+ rF+}
rCorr   .          Rampage  .    (no gloves)
Will    .....                    e - +0 pair of boots
Stlth   ..........               (no amulet)
HPRegen 0.20/turn                (no ring)
MPRegen 0.10/turn                (no ring)

@: attractive
A: horns 2, retaliatory headbutt
a: no special abilities


You were on level 6 of the Dungeon.
You visited 1 branch of the dungeon, and saw 6 of its levels.

You collected 311 gold pieces.

Inventory:

Hand Weapons
 a - a +0 halberd (weapon)
   (You took it off a gnoll on level 5 of the Dungeon)
 b - a +0 sling
   (You found it on level 4 of the Dungeon)
 f - a +1 flail of protection
   (You found it on level 1 of the Dungeon)
 i - a +0 trident
   (You found it on level 5 of the Dungeon)
 r - a +0 hand axe
 s - a +1 spear of venom
   (You took it off a gnoll on level 4 of the Dungeon)
 w - a +0 dire flail
   (You took it off an orc warrior on level 6 of the Dungeon)
Missiles
 c - 6 poisoned darts (quivered)
 n - 5 silver boomerangs
 p - 4 atropa-tipped darts
 v - 2 throwing nets {!f}
 x - 6 javelins
 Q - 50 stones
Armour
 e - a +0 pair of boots (worn)
   (You found it on level 1 of the Dungeon)
 j - a +0 plate armour (worn)
   (You took it off an orc warrior on level 6 of the Dungeon)
 o - a scarf of resistance (worn)
   (You found it on level 2 of the Dungeon)
Jewellery
 C - a ring of resist corrosion
   (You found it on level 3 of the Dungeon)
Wands
 D - a wand of digging (4)
   (You took it off a hobgoblin on level 2 of the Dungeon)
Scrolls
 h - a scroll of immolation {!r}
 m - a scroll of noise {unknown}
 q - a scroll of fog
 t - 4 scrolls of teleportation {@r4}
 u - a scroll of fear {unknown}
 y - a scroll of summoning {unknown}
Potions
 d - a potion of berserk rage {unknown}
 g - 2 potions of invisibility {unknown}
 k - 2 potions of attraction {!q}
 l - 2 potions of haste {@q3}


   Skills:
 + Level 5.6 Fighting
 + Level 6.3(7.0) Axes
 * Level 4.2(5.9) Polearms
 + Level 2.1 Ranged Weapons
 + Level 5.2 Dodging
 + Level 3.5 Stealth


You had 6 spell levels left.
You didn't know any spells.
Your spell library was empty.

Dungeon Overview and Level Annotations

Branches:
Dungeon (6/15)
 Temple: D:4-7

Altars:
Makhleb
Trog


Innate Abilities, Weirdness & Mutations

You have a pair of horns on your head.
You reflexively headbutt those who attack you in melee.


Message History

You hit the gnoll sergeant.
Your headbutt misses the gnoll sergeant.
The gnoll sergeant hits you with a +2 trident of protection.
The gnoll hits you with a +0 flail!
* * * LOW HITPOINT WARNING * * *
The gnoll hits you but does no damage.
The gnoll sergeant hits you with a +2 trident of protection.
* * * LOW HITPOINT WARNING * * *
The gnoll hits you from afar with a +0 spear.
* * * LOW HITPOINT WARNING * * *
The gnoll completely misses you. You furiously retaliate!
You headbutt the gnoll. You barely miss the gnoll sergeant.
You headbutt the gnoll sergeant.
The gnoll sergeant hits you but does no damage.
The gnoll hits you but does no damage.
The gnoll hits you from afar with a +0 spear.
* * * LOW HITPOINT WARNING * * *
You slash the gnoll sergeant!
You kill the gnoll sergeant!
The gnoll hits you but does no damage. The gnoll hits you with a +0 flail.
* * * LOW HITPOINT WARNING * * *
Your Ranged Weapons skill increases to level 2!
A gnoll comes into view. It is wielding a +0 flail.
The gnoll hits you but does no damage.
The gnoll drinks a potion.
The gnoll seems to speed up.
The gnoll hits you but does no damage.
You closely miss the gnoll. The gnoll hits you but does no damage.
The gnoll hits you with a +0 flail.
* * * LOW HITPOINT WARNING * * *
You slash the gnoll!
You kill the gnoll!
The gnoll hits you with a +0 flail!
* * * LOW HITPOINT WARNING * * *
You closely miss the gnoll. Your headbutt misses the gnoll.
The gnoll hits you with a +0 flail.
* * * LOW HITPOINT WARNING * * *
The gnoll closely misses you. You furiously retaliate!
You headbutt the gnoll. You hit the gnoll. Your headbutt misses the gnoll.
The gnoll barely misses you. You furiously retaliate!
You headbutt the gnoll, but do no damage.
The gnoll barely misses you.
Unknown command.
It was a potion of attraction.
You feel attractive to monsters. The gnoll barely misses you.
You furiously retaliate!
You headbutt the gnoll!
The gnoll hits you but does no damage. x2
You closely miss the gnoll. Your headbutt misses the gnoll.
The gnoll hits you but does no damage. x2; The gnoll completely misses you.
You closely miss the gnoll. The gnoll hits you but does no damage.
The gnoll hits you with a +0 flail!
You die...

#. #.. #########
###.####....(..#
......#.......#
#........>....#.
#..##...@g......
#
#...#.).g.....#.
#.#.#.#.........#
#...............#
###......########
###.####
#.#########
#.........#
###.##[##.##


You could see 2 gnolls.

Vanquished Creatures
  An orc warrior (D:6)
  A centaur (D:5)
  A phantom (D:5)
  A gnoll sergeant (D:6)
  A necrophage (D:5)
  A scorpion (D:5)
  A hound (D:5)
  A jelly (D:4)
  A gnoll bouda (D:5)
  An orc priest (D:4)
  An iguana (D:4)
  3 orc wizards
  3 adders (D:4)
  8 gnolls
  A shadow imp (D:5)
  3 white imps (D:5)
  An ufetubus (D:5)
  2 worms (D:2)
  2 dart slugs
  4 orcs
  7 bats
  10 endoplasms
  6 giant cockroaches
  A goblin (D:3)
  13 hobgoblins
  15 kobolds
  2 quokkas
  7 ball pythons
  6 frilled lizards
  11 rats
  A bush (D:5)
117 creatures vanquished.

Notes
Turn   | Place    | Note
-------+----------+-------------------------------------------
     0 | D:1      | Pooter the Minotaur Monk began the quest for the Orb.
     0 | D:1      | Reached XP level 1. HP: 19/19 MP: 0/0
    83 | D:1      | Reached skill level 4 in Axes
    83 | D:1      | Reached XP level 2. HP: 27/27 MP: 1/1
   447 | D:1      | Reached XP level 3. HP: 33/33 MP: 2/2
   455 | D:1      | Found a faded altar of an unknown god.
  1569 | D:2      | Reached XP level 4. HP: 22/40 MP: 3/3
  1805 | D:3      | Found a burning altar of Makhleb.
  1818 | D:3      | Found a bloodstained altar of Trog.
  2233 | D:3      | You fall into a shaft and drop 2 floors!
  2233 | D:5      | Entered Level 5 of the Dungeon
  2452 | D:5      | Reached skill level 5 in Axes
  2589 | D:5      | Noticed a centaur
  2745 | D:5      | Reached XP level 5. HP: 27/47 MP: 4/4
  3889 | D:4      | Reached skill level 1 in Polearms
  3974 | D:4      | Reached XP level 6. HP: 39/55 MP: 5/5
  4581 | D:5      | Reached skill level 5 in Fighting
  4982 | D:5      | Reached skill level 1 in Ranged Weapons
  4982 | D:5      | Reached XP level 7. HP: 49/61 MP: 6/6
  5375 | D:5      | Reached skill level 6 in Axes
  5439 | D:5      | Reached skill level 5 in Dodging
  6135 | D:6      | HP: 2/61 [gnoll/+0 flail[a gnoll sergeant] (5)]
  6139 | D:6      | Mangled by a gnoll

Illustrated notes

Levels and vault maps discovered:
D:1:      dpeg_arrival_boxorama, layout_loops_ring,
          hellmonk_ecumenical_altar_blasted,
          hangedman_abyss_or_decor_lesser_grid
D:2:      layout_basic
D:3:      layout_basic, mainiacjoe_overflow_catwalk_spiral
D:4:      layout_rooms
D:5:      layout_loops_ring, kb_lookout_dungeons_type
D:6:      layout_loops_cross, minmay_temple_entry_arrows, uniq_maggie,
          uniq_edmund

Skill      XL: |  1  2  3  4  5  6  7 |
---------------+----------------------+-----
Axes           | 4 5 6 |  6.3
Stealth        | 2 3 |  3.5
Fighting       | 4 5 |  5.6
Dodging        | 4 5 |  5.2
Polearms       | 1 3 4 |  4.2
Ranged Weapons | 1 2 |  2.1

Action                   |  1- 3 |  4- 6 |  7- 9 || total
-------------------------+-------+-------+-------++-------
Melee: Hand axe          |    28 |       |       ||    28
       Headbutt          |     9 |    19 |     5 ||    33
       Flail             |    55 |    56 |       ||   111
       Halberd           |       |    89 |    44 ||   133
 Fire: Sling             |       |     9 |       ||     9
Throw: Stone             |     2 |       |       ||     2
       Dart              |       |    12 |     6 ||    18
       Boomerang         |       |     2 |       ||     2
  Use: Potion            |     1 |     2 |     2 ||     5
       Scroll            |       |     3 |     1 ||     4
 Stab: Sleeping          |     6 |     2 |       ||     8
Armor: Robe              |    29 |    17 |       ||    46
       Chain mail        |       |    41 |     7 ||    48
       Plate armour      |       |       |    13 ||    13
Dodge: Dodged            |    60 |   126 |    16 ||   202

Table legend: (Time is in decaauts)
 A = Elapsed time spent in this place.
 B = Non-inter-level travel time spent in this place.
 C = Inter-level travel time spent in this place.
 D = Time resting spent in this place.
 E = Time spent auto-exploring this place.
 F = Levels seen in this place.
 G = Mean time per level.
                   A        B        C        D        E       F      G
               +--------+--------+--------+--------+--------+-----+--------+
         Total |   6214 |   6071 |    143 |   2108 |   2763 |   6 | 1035.7 |
       Dungeon |   6214 |   6071 |    143 |   2108 |   2763 |   6 | 1035.7 |
               +--------+--------+--------+--------+--------+-----+--------+

Top non-repeatable levels by time:
     D:5: 2523 daAuts
     D:1: 906 daAuts
     D:2: 831 daAuts
     D:4: 822 daAuts
     D:3: 815 daAuts
     D:6: 314 daAuts
